 Dungeon Crawl Stone Soup version 0.29.0-3-gbb0933ed62 (webtiles) character file.

Game seed: 15127938278322872079

10502 casanoah the Thaumaturge (level 11, -5/72 HPs)
             Began as a Djinni Hedge Wizard on Aug 25, 2022.
             Was an Initiate of Gozag.
             Slain by a two-headed ogre
             ... wielding a +0 great mace
              (26 damage)
             ... on level 11 of the Dungeon on Aug 26, 2022.
             The game lasted 00:50:15 (23894 turns).

casanoah the Thaumaturge (Djinni Hedge Wizard)     Turns: 23894, Time: 00:50:17

Health: -5/72      AC:  5    Str: 13    XL:     11   Next: 94%
Gold:   1843       EV: 15    Int: 21    God:    Gozag SH:  5 Dex: 16

rFire   + + .      SeeInvis +   B - +6 dagger of the Bruised Hosts {vorpal, Str+4 Dex+2}
rCold   x . .      Faith    .   (no shield)
rNeg    + . .      Spirit   .   n - +2 robe of Jimemiur {Int+2}
rPois   ∞          Reflect  +   c - +0 hat
rElec   .          Harm     .   J - +0 cloak
rCorr   .          Rampage  .   (no gloves)
Will    .....                   (boots unavailable)
Stlth   +++.......              a - amulet of reflection
HPRegen 0.22/turn               E - ring of positive energy
MPRegen 0.00/turn               G - ring of see invisible

@: weak-willed, flying, hasted, studying Staves, very quick
A: sickness immunity, fire resistance 2, cold vulnerability 1, float, innate
caster, HP casting, extra vitality 1
a: Renounce Religion, Potion Petition, Call Merchant, Bribe Branch


You were on level 11 of the Dungeon.
You worshipped Gozag.
Gozag was most pleased with you.
You visited 2 branches of the dungeon, and saw 12 of its levels.
You also visited: Ossuary and Bailey.

You collected 1948 gold pieces.
You paid 105 gold pieces to Gozag.

Inventory:

Hand Weapons
 y - a +1 quarterstaff
 B - the +6 dagger of the Bruised Hosts (weapon) {vorpal, Str+4 Dex+2}
   (You found it on level 5 of the Dungeon)

   It inflicts extra damage upon your enemies.
   Str:       It affects your strength (+4).
   Dex:       It affects your dexterity (+2).
Missiles
 h - a throwing net
Armour
 c - a +0 hat (worn)
 n - the +2 robe of Jimemiur (worn) {Int+2}
   (You found it on level 2 of the Dungeon)

   Int:       It affects your intelligence (+2).
 J - a +0 cloak (worn)
Jewellery
 a - an amulet of reflection (around neck)
 E - a ring of positive energy (left hand)
 G - a ring of see invisible (right hand)
Wands
 e - a wand of mindburst (23)
 s - a wand of quicksilver (17)
 v - a wand of charming (4)
 z - a wand of polymorph (10)
Scrolls
 b - 3 scrolls of enchant weapon
 d - 2 scrolls of immolation {unknown}
 f - a scroll of identify
 i - a scroll of fog {unknown}
 m - 3 scrolls of fear {unknown}
 o - a scroll of acquirement
 p - 3 scrolls of noise {unknown}
 w - 3 scrolls of vulnerability
 C - a scroll of brand weapon {unknown}
 F - 2 scrolls of poison {unknown}
 H - a scroll of enchant armour {unknown}
 I - 2 scrolls of teleportation {unknown}
 L - 2 scrolls of silence {unknown}
Potions
 g - 3 potions of curing
 j - 10 potions of haste
 k - a potion of attraction
 l - 2 potions of lignification {unknown}
 q - 2 potions of mutation {unknown}
 r - a potion of ambrosia {unknown}
 t - 3 potions of flight {unknown}
 u - 3 potions of heal wounds {unknown}
 x - a potion of resistance {unknown}
 A - 2 potions of might {unknown}


   Skills:
 + Level 3.7 Fighting
 + Level 3.6 Short Blades
 + Level 1.4 Staves
 + Level 6.7 Dodging
 + Level 6.0 Stealth
 + Level 2.9 Shields
 + Level 11.4 Spellcasting


You had 7 spell levels left.
You knew the following spells:

 Your Spells              Type           Power      Damage    Failure   Level
a - Magic Dart            Conj           100%       1d8       1%          1
b - Blink                 Tloc           100%       N/A       1%          2
c - Call Imp              Summ           56%        N/A       1%          2
d - Slow                  Hex            100%       N/A       1%          1
e - Conjure Flame         Conj/Fire      56%        6-21      1%          3
f - Mephitic Cloud        Conj/Pois/Air  56%        N/A       1%          3
g - Beastly Appendage     Tmut           100%       N/A       1%          1
h - Scorch                Fire           100%       2d10      1%          2
i - Searing Ray           Conj           100%       2d8       1%          2
j - Fulminant Prism       Conj/Hex       28%        3d14      1%          4
k - Hailstorm             Conj/Ice       56%        3d12      1%          4
Your spell library was empty.

Dungeon Overview and Level Annotations

Branches:
Dungeon (11/15)            Temple (1/1) D:7            Lair (0/5) D:9
    Orc (0/2) D:9         Ossuary (visited)          Bailey (visited)

Altars:
Ashenzari
Cheibriados
Dithmenos
Elyvilon
Fedhas
Gozag
Hepliaklqana
Makhleb
Nemelex Xobeh
Okawaru
Qazlal
Ru
Trog
Uskayaw
Wu Jian
Xom
Yredelemnul
Zin
The Shining One

Shops:
D:7 (:

Annotations:
D:3 1 runed translucent door, BJBlazkowicz's ghost, amateur MeFi
D:7 wep shop
D:11 Josephine; Nergalle


Innate Abilities, Weirdness & Mutations

You are immune to sickness and miasma.
You are immune to poison.
Your flesh is very heat resistant. (rF++)
You are vulnerable to cold. (rC-)
You float through the air rather than walking.
You learn spells naturally, not from books.
Your magical power is your life essence.
You have superior vitality. (+4 MHP)


Message History

The yak attacks as you move away! The yak gores you. The yak barely misses you.
The yak attacks as you move away! You block the yak's attack.
A vampire mosquito comes into view. x2
The yak attacks as you move away! The yak gores you!
The vampire mosquito buzzes angrily.
The vampire mosquito bites you.
The vampire mosquito buzzes angrily.
Casting: Slow (safe; 1% risk of failure)
Confirm with . or Enter, or press ? or * to list all spells.
You blink.
An orc wizard comes into view. It is wielding a +0 dagger.
The orc wizard shouts!
You hear an angry buzzing noise.
You block Nergalle's attack.
An orc priest comes into view. It is wielding a +0 flail.
Casting: Blink (safe; 1% risk of failure)
Confirm with . or Enter, or press ? or * to list all spells.
You blink.
The vampire mosquito barely misses you. The vampire mosquito bites you!
* * * LOW HITPOINT WARNING * * *
The vampire mosquito closely misses you.
Okay, then.
Okay, then.
Okay, then.
Casting: Blink (safe; 1% risk of failure)
Confirm with . or Enter, or press ? or * to list all spells.
You blink.
* * * LOW HITPOINT WARNING * * *
A two-headed ogre comes into view.
It is wielding a +0 giant club and a +0 giant spiked club.
You feel yourself speed up.
You feel better.
The vampire mosquito bites you but does no damage.
Casting: Blink (safe; 1% risk of failure)
Confirm with . or Enter, or press ? or * to list all spells.
You blink.
* * * LOW HITPOINT WARNING * * *
The vampire mosquito completely misses you.
The two-headed ogre hits you with a +0 great mace!!
You die...
Your body crumbles into a pile of gold.

.#..# #..##...#..# #............
.#..###.......#..####...o........
.#..........<.#....O.............
.#...##.......#..................
.#...##.......#..............##..
.#...##.......#§.#####.......##..
.#...##.......#.Y# #.......##..
#...##.......#yy# #.......##..
#...##..)....#O@# #.......##..
#...##.......#oo#####.o.....##..
#............#§....o............
.........O.......................
#################################


You could see Nergalle, a two-headed ogre (weak-willed), a yak, 2 vampire
mosquitoes and an orc wizard.

Vanquished Creatures
  A hydra (D:11)
  A two-headed ogre (D:10)
  Erica (D:10)
  Maurice (D:7)
  Maggie (D:6)
  Psyche (D:8)
  A troll (D:10)
  2 wraiths
  A wyvern (D:10)
  12 yaks
  2 humans (D:8)
  Grum (D:8)
  5 vampire mosquitoes
  Edmund (D:6)
  A water moccasin (D:7)
  4 acid dragons
  3 orc warriors
  2 ice beasts (D:7)
  A black bear (D:7)
  4 centaurs
  6 wolves
  3 phantoms
  A kobold brigand (D:8)
  6 bullfrogs
  2 necrophages
  A gnoll sergeant (D:10)
  2 scorpions (D:5)
  6 killer bees (D:10)
  An electric eel (D:9)
  A jelly (D:5)
  4 orc priests
  A gnoll bouda (D:8)
  7 hounds
  An iron imp (D:4)
  3 iguanas
  15 orc wizards
  7 gnolls
  6 adders
  A shadow imp (D:8)
  A white imp (D:7)
  2 ufetubi (D:5)
  2 worms
  3 dart slugs
  35 orcs
  6 ball pythons
  3 bats
  8 endoplasms
  2 giant cockroaches
  4 goblins
  4 hobgoblins
  7 kobolds
  3 quokkas
  7 frilled lizards
  A jackal zombie (D:4)
  A kobold zombie (D:4)
  A rat (D:3)
210 creatures vanquished.

Vanquished Creatures (others)
  An orc (D:8)
  26 fulminant prisms
27 creatures vanquished.

Grand Total: 237 creatures vanquished

Notes
Turn   | Place    | Note
-------+----------+-------------------------------------------
     0 | D:1      | casanoah the Djinni Hedge Wizard began the quest for the
                  | Orb.
     0 | D:1      | casanoah set off with the following spells memorised: Magic
                  | Dart, Blink, Call Imp, Slow, Conjure Flame, Mephitic Cloud.
     0 | D:1      | Reached XP level 1. HP: 15/15 MP: 0/0
   616 | D:1      | Reached XP level 2. HP: 13/21 MP: 0/0
  1161 | D:2      | Reached skill level 3 in Spellcasting
  1238 | D:2      | Reached XP level 3. HP: 22/25 MP: 0/0
  1238 | D:2      | Learned a level 1 spell: Beastly Appendage
  1287 | D:2      | Found a shimmering altar of Xom.
  1583 | D:2      | Identified the +2 robe of Jimemiur {Int+2}
  2322 | D:3      | Found a bloodstained altar of Trog.
  2548 | D:3      | Reached XP level 4. HP: 25/31 MP: 0/0
  3434 | D:3      | Found a faded altar of an unknown god.
  3490 | D:3      | Found a burning altar of Makhleb.
  3686 | D:3      | Found a runed translucent door.
  3729 | D:3      | Noticed BJBlazkowicz's ghost (amateur MeFi)
  4213 | D:3      | Reached XP level 5. HP: 30/35 MP: 0/0
  4213 | D:3      | Learned a level 2 spell: Scorch
  4306 | D:4      | Identified 2 scrolls of acquirement
  4306 | D:4      | Acquired a manual of Staves
  4482 | D:4      | Noticed a bullfrog
  4619 | D:4      | Found a hide-covered altar of Uskayaw.
  4633 | D:4      | Reached skill level 4 in Spellcasting
  4786 | D:4      | Found a sand-covered staircase.
  4800 | Ossuary  | Entered an ossuary
  5141 | D:4      | Identified the +8 plate armour of Ignis's Pride {Str+3}
  5454 | D:4      | Found a snail-covered altar of Cheibriados.
  5487 | D:4      | Reached XP level 6. HP: 21/40 MP: 0/0
  6399 | D:5      | Entered Level 5 of the Dungeon
  6459 | D:5      | Reached XP level 7. HP: 22/46 MP: 0/0
  6459 | D:5      | Learned a level 2 spell: Searing Ray
  7333 | D:5      | Found a sparkling altar of Nemelex Xobeh.
  7336 | D:5      | Found a stormy altar of Qazlal.
  7342 | D:5      | Found a sacrificial altar of Ru.
  7345 | D:5      | Found an opulent altar of Gozag.
  7347 | D:5      | Found a blossoming altar of Fedhas.
  7358 | D:5      | Reached skill level 5 in Spellcasting
  7529 | D:5      | Found a white marble altar of Elyvilon.
  7540 | D:5      | Identified the +6 dagger of the Bruised Hosts {vorpal,
                  | Str+4 Dex+2}
  7715 | D:5      | Became a worshipper of Gozag Ym Sagoz the Greedy
  7892 | D:5      | Identified the +5 falchion of Incongruity {speed, *Corrode
                  | Str+2 SInv}
  8477 | D:6      | Noticed Edmund
  8838 | D:6      | Noticed Maggie
  8863 | D:6      | Killed Maggie
  8864 | D:6      | Reached skill level 1 in Fighting
  8864 | D:6      | Reached skill level 6 in Spellcasting
  8864 | D:6      | Reached XP level 8. HP: 38/52 MP: 0/0
  9306 | D:6      | Reached skill level 1 in Staves
 10006 | D:6      | Reached skill level 1 in Shields
 10560 | D:6      | Killed Edmund
 10561 | D:6      | Reached XP level 9. HP: 36/58 MP: 0/0
 10561 | D:6      | Learned a level 4 spell: Fulminant Prism
 10939 | D:7      | Found Soasix's Antique Weapon Shoppe.
 10966 | D:7      | Reached skill level 7 in Spellcasting
 11272 | D:7      | Found a staircase to the Ecumenical Temple.
 11853 | D:7      | Reached skill level 1 in Short Blades
 12199 | D:7      | Found Fah Juikk's Book Boutique.
 12882 | D:7      | Reached skill level 5 in Dodging
 13498 | Temple   | Entered the Ecumenical Temple
 13586 | D:8      | Noticed Maurice
 14037 | D:8      | Found a flagged portal.
 14041 | D:8      | Reached skill level 8 in Spellcasting
 14044 | Bailey   | Entered a bailey
 14505 | D:8      | Noticed Grum
 14520 | D:7      | Killed Maurice
 14521 | D:7      | Reached XP level 10. HP: 56/66 MP: 0/0
 15823 | D:8      | Reached skill level 9 in Spellcasting
 17440 | D:8      | Reached skill level 5 in Stealth
 17456 | D:8      | Killed Grum
 17765 | D:8      | Noticed Psyche
 17781 | D:8      | Killed Psyche
 18756 | D:9      | Reached XP level 11. HP: 57/71 MP: 0/0
 18756 | D:9      | Learned a level 4 spell: Hailstorm
 18768 | D:9      | Reached skill level 10 in Spellcasting
 18939 | D:9      | Found a staircase to the Orcish Mines.
 19773 | D:9      | Found a staircase to the Lair.
 20516 | D:10     | Entered Level 10 of the Dungeon
 20516 | D:10     | Noticed Erica
 20527 | D:10     | Killed Erica
 21706 | D:10     | Noticed a two-headed ogre
 21726 | D:10     | Killed a two-headed ogre
 22351 | D:10     | Reached skill level 11 in Spellcasting
 23142 | D:11     | Noticed a six-headed hydra
 23154 | D:11     | Noticed Josephine
 23161 | D:11     | Killed a six-headed hydra
 23229 | D:11     | Noticed a two-headed ogre
 23851 | D:11     | Noticed Nergalle
 23855 | D:11     | Noticed a two-headed ogre
 23891 | D:11     | Noticed a two-headed ogre
 23894 | D:11     | Slain by a two-headed ogre

Illustrated notes

Levels and vault maps discovered:
D:1:      dpeg_arrival_stonehenge_8_columns, layout_basic, minmay_cut_off
D:2:      layout_basic, basic_altar, dk_noncrumbling_2, mrwooster_statue_mirror
D:3:      layout_loops_corners, mainiacjoe_overflow_concentric_impassable,
          lemuel_coloured_pillars_altar, basic_ecumenical_altar,
          ebering_ghost_sewer_d
D:4:      layout_loops_corners, nicolae_uskayaw_murder_on_the_dancefloor,
          slow_altar_2, enter_ossuary_3
D:5:      layout_cave_pods, nicolae_overflow_hallway_of_the_gods,
          kennysheep_orc_sif_temple
D:6:      layout_basic, chequers_serial_rivers_large_b, uniq_maggie, uniq_edmund
D:7:      layout_layer_cave, temple_pool_b, serial_shops, shop, shop_coins
D:8:      layout_cave_pods, enter_bailey_2, minivault_27, uniq_maurice,
          uniq_psyche, uniq_grum
D:9:      cheibrodos_iron_armory, layout_cave_pods, erik_lair_island,
          serial_glass, glass_columns_a, glass_columns_a
D:10:     layout_loops_ring, uniq_erica
D:11:     layout_long_grid, item_on_display_a, uniq_josephine, uniq_nergalle
Temple:   nicolae_temple_ecumenical_triangle

Skill      XL: |  1  2  3  4  5  6  7  8  9 10 11 |
---------------+----------------------------------+-----
Spellcasting   | 3 4 6 8 9 11 | 11.4
Stealth        | 2 3 4 5 6 |  6.0
Dodging        | 3 4 5 6 |  6.7
Fighting       | 1 2 3 |  3.7
Staves         | 1 |  1.4
Shields        | 1 2 |  2.9
Short Blades   | 1 2 3 |  3.6

Action                   |  1- 3 |  4- 6 |  7- 9 | 10-12 || total
-------------------------+-------+-------+-------+-------++-------
Melee: Dagger            |       |     6 |    17 |    81 ||   104
       Quarterstaff      |       |       |     5 |       ||     5
       Punch             |       |       |       |     1 ||     1
 Cast: Magic Dart        |    77 |   112 |    89 |   124 ||   402
       Call Imp          |     2 |     6 |       |       ||     8
       Conjure Flame     |       |     9 |    19 |    30 ||    58
       Blink             |       |     5 |       |     5 ||    10
       Scorch            |       |     4 |    21 |    23 ||    48
       Mephitic Cloud    |       |     2 |     9 |    46 ||    57
       Searing Ray       |       |       |    25 |    21 ||    46
       Fulminant Prism   |       |       |     2 |    25 ||    27
       Hailstorm         |       |       |       |    20 ||    20
       Slow              |       |       |       |     1 ||     1
  Use: Scroll            |       |     1 |     4 |     7 ||    12
       Potion            |       |       |     2 |     5 ||     7
 Stab: Confused          |       |       |     2 |    15 ||    17
Armor: Robe              |     1 |    11 |     6 |    13 ||    31
Dodge: Dodged            |     8 |    27 |    46 |    67 ||   148
Block: Other             |       |     1 |    12 |    28 ||    41
       Reflection        |       |       |       |     4 ||     4
